Map: Ruins of Endion

Players

LeGacY - Winner!

  • Race: Protoss Protoss
  • League: Silver
  • Spawn Location: 5:00

Fropez

  • Race: Protoss Protoss
  • League: Silver
  • Spawn Location: 7:00

VOD

Have the link to the VOD?

Description

Time

  • Played on: June 23, 2016, 5:46 p.m.
  • Length: 13:20
Show
View Real Time Build Order
Export as new Build Order

LeGacY Protoss - Winner!

Build Orders:  

Get SALT Encoding   

  12  0:01  Probe (Chrono Boost)  
  13  0:11  Probe (Chrono Boost)  
  14  0:20  Pylon  
  14  0:24  Probe (Chrono Boost)  
  15  0:40  Gateway  
  15  0:45  Probe (Chrono Boost), Assimilator  
  16  0:55  Probe (Chrono Boost)  
  17  1:07  Forge  
  17  1:12  Probe (Chrono Boost)  
  18  1:31  Cybernetics Core  
  18  1:47  Nexus  
  18  1:50  Probe (Chrono Boost)  
  19  1:56  Zealot  
  21  2:04  Probe (Chrono Boost)  
  22  2:08  Warp Gate  
  22  2:15  Probe (Chrono Boost)  
  23  2:20  Assimilator  
  23  2:28  Pylon  
  23  2:47  Probe (Chrono Boost)  
  24  2:57  Probe (Chrono Boost)  
  25  2:59  Pylon  
  25  3:04  Probe (Chrono Boost)  
  26  3:14  Probe (Chrono Boost)  
  26  3:17  Photon Cannon  
  27  3:25  Probe (Chrono Boost)  
  27  3:26  Photon Cannon  
  28  3:29  Pylon  
  28  3:34  Probe (Chrono Boost)  
  28  3:36  Stalker (Chrono Boost)  
  31  3:44  Probe  
  31  3:46  Mothership Core  
  34  3:55  Probe  
  32  4:01  Photon Cannon  
  33  4:04  Photon Cannon  
  33  4:05  Probe  
  34  4:14  Pylon  
  34  4:16  Probe  
  34  4:21  Photon Cannon  
  35  4:26  Probe  
  35  4:31  Probe  
  37  4:37  Probe, Assimilator  
  37  4:42  Assimilator  
  37  4:43  Probe  
  38  4:47  Probe  
  33  4:55  Probe  
  33  4:58  Probe  
  30  5:07  Probe  
  30  5:08  Probe  
  30  5:17  Stalker  
  31  5:24  Probe  
  31  5:36  Probe  
  32  5:48  Probe  
  33  5:51  Photon Cannon  
  33  5:53  Stargate  
  33  5:56  Stargate  
  33  5:58  Stargate  
  33  6:00  Probe  
  34  6:04  Gateway  
  34  6:06  Gateway  
  34  6:09  Gateway  
  34  6:12  Probe  
  34  6:25  Probe  
  35  6:37  Probe  
  36  6:47  Pylon  
  36  6:49  Probe  
  37  6:58  Stalker  
  37  7:01  Probe  
  40  7:13  Probe  
  41  7:28  Void Ray x3  
  53  7:32  Probe  
  53  7:36  Probe  
  55  7:45  Probe  
  56  7:57  Probe  
  57  7:59  Robotics Facility  
  57  8:11  Void Ray x2  
  65  8:14  Nexus  
  65  8:16  Pylon  
  65  8:18  Void Ray (Chrono Boost), Pylon  
  69  8:24  Probe  
  70  8:36  Probe  
  70  8:38  Probe  
  72  8:48  Probe, Assimilator  
  73  8:53  Assimilator  
  77  9:00  Probe  
  78  9:08  Observer  
  79  9:12  Probe  
  80  9:29  Observer  
  65  9:40  Void Ray (Chrono Boost)  
  65  9:47  Pylon  
  65  9:48  Pylon  
  65  9:50  Probe  
  66  10:00  Probe  
  66  10:02  Probe  
  68  10:08  Void Ray (Chrono Boost)  
  68  10:09  Void Ray (Chrono Boost)  
  68  10:12  Probe  
  78  10:14  Probe  
  78  10:17  Void Ray (Chrono Boost)  
  82  10:24  Probe  
  82  10:26  Probe  
  84  10:29  Stalker x3  
  90  10:36  Probe  
  90  10:38  Probe  
  92  10:46  Void Ray (Chrono Boost)  
  92  10:47  Void Ray (Chrono Boost)  
  92  10:48  Probe  
  101  10:50  Probe  
  101  10:55  Void Ray (Chrono Boost)  
  106  11:00  Probe  
  107  11:12  Probe  
  96  11:23  Void Ray (Chrono Boost)  
  96  11:24  Void Ray (Chrono Boost), Probe  
  93  11:41  Void Ray (Chrono Boost)  
  97  11:53  Fleet Beacon  
  97  11:55  Pylon  
  97  12:01  Void Ray x2 (Chrono Boost)  
  105  12:18  Void Ray (Chrono Boost)  
  105  12:20  Stargate  
  109  12:38  Void Ray (Chrono Boost)  
  109  12:39  Void Ray (Chrono Boost)  
  109  12:42  Nexus  
  117  12:44  Assimilator  
  117  12:45  Assimilator  
  117  12:47  Pylon  
Show
View Real Time Build Order
Export as new Build Order

Fropez Protoss 

Build Orders:  

Get SALT Encoding   

  12  0:11  Pylon  
  12  0:14  Probe (Chrono Boost)  
  13  0:29  Gateway  
  13  0:32  Probe (Chrono Boost)  
  14  0:43  Probe (Chrono Boost)  
  14  0:48  Pylon  
  15  1:07  Pylon  
  15  1:08  Gateway  
  16  1:11  Probe (Chrono Boost)  
  16  1:26  Cybernetics Core  
  16  1:34  Assimilator  
  16  1:35  Probe (Chrono Boost)  
  17  1:47  Gateway  
  17  1:51  Probe (Chrono Boost)  
  18  2:24  Probe (Chrono Boost), Assimilator  
  19  2:34  Adept x2  
  23  2:46  Adept  
  25  2:51  Pylon  
  25  2:59  Warp Gate (Chrono Boost)  
  25  3:06  Adept  
  25  3:08  Adept  
  29  3:15  Pylon  
  29  3:25  Adept  
  31  3:42  Probe, Stargate  
  32  3:57  Probe  
  33  4:10  Nexus  
  33  4:18  Adept  
  33  4:19  Adept  
  37  4:29  Phoenix  
  29  5:22  Probe  
  29  5:23  Phoenix (Chrono Boost)  
  30  5:34  Probe  
  31  5:39  Pylon, Probe  
  31  5:40  Pylon  
  32  5:46  Phoenix (Chrono Boost)  
  32  5:48  Probe, Assimilator  
  35  5:52  Assimilator  
  35  5:54  Probe  
  36  6:00  Forge, Probe  
  37  6:04  Probe  
  42  6:25  Void Ray (Chrono Boost)  
  42  6:32  Protoss Ground Weapons Level 1  
  42  6:33  Probe x2, Stargate  
  42  6:35  Stalker  
  42  6:38  Stalker  
  48  6:43  Probe  
  48  6:45  Probe  
  50  6:48  Protoss Air Weapons Level 1  
  50  7:02  Phoenix (Chrono Boost)  
  56  7:27  Void Ray (Chrono Boost)  
  56  7:32  Zealot x3  
  62  7:40  Void Ray (Chrono Boost)  
  66  8:04  Void Ray (Chrono Boost), Probe  
  71  8:17  Void Ray (Chrono Boost)  
  75  8:29  Probe  
  75  8:30  Probe  
  77  8:35  Pylon  
  81  8:41  Void Ray (Chrono Boost), Probe  
  81  8:43  Probe  
  83  8:55  Void Ray (Chrono Boost)  
  63  9:46  Void Ray x2 (Chrono Boost)  
  71  9:54  Pylon, Stargate  
  71  9:55  Pylon  
  71  10:15  Nexus  
  71  10:17  Assimilator  
  71  10:19  Protoss Shields Level 1, Assimilator  
  71  10:23  Void Ray (Chrono Boost)  
  71  10:24  Pylon, Protoss Air Armor Level 1  
  71  10:26  Pylon  
  75  10:30  Phoenix (Chrono Boost), Pylon  
  77  10:58  Void Ray (Chrono Boost)  
  77  11:03  Void Ray (Chrono Boost)  
  85  11:09  Gateway  
  83  11:15  Gateway  
  67  11:38  Void Ray x2 (Chrono Boost)  
  73  11:41  Probe x2  
  73  11:43  Probe  
  74  11:57  Probe x3  
  77  12:02  Void Ray (Chrono Boost)  
  81  12:47  Zealot x5  
  83  13:09  Stalker  
  83  13:10  Stalker x2  
Tags
 
Matchup
PvP
Replay Pack
All Mines
Spawn Locations
Close Positions
Add a new tag
Caveats
  • Supply blocks, unpowered buildings, or Contaminate may cause inaccurate times.
  • Supply counts are checked every 10 seconds.